| TOP OF THE 1ST |
|
Baltimore Orioles batting - Pitching for Toronto Blue Jays : RHP Ron Romanick
|
|
Pitching: RHP Ron Romanick
|
|
|
Batting: SHB Willie McGee
|
0-0: Called Strike 0-1: Ground out 3-1 (Groundball, 34S, EV 71.3 MPH)
|
|
Batting: SHB Johnny Ray
|
0-0: Called Strike 0-1: Called Strike 0-2: Ground out 6-3 (Groundball, 6, EV 83.1 MPH)
|
|
Batting: LHB Dave Parker
|
0-0: Ball 1-0: Called Strike 1-1: Swinging Strike 1-2: Foul Ball, location: 2F 1-2: Foul Ball, location: 2F 1-2: Strikes out swinging
|
| Top of the 1st over - 0 runs, 0 hits, 0 errors, 0 left on base; Baltimore 0 - Toronto 0 |
| BOTTOM OF THE 1ST |
|
Toronto Blue Jays batting - Pitching for Baltimore Orioles : RHP Kyle Monroe
|
|
Pitching: RHP Kyle Monroe
|
|
|
Batting: LHB Sheldon Mallory
|
0-0: Ball 1-0: Called Strike 1-1: Swinging Strike 1-2: Strikes out looking
|
|
Batting: RHB Jose Gonzalez
|
0-0: Ball 1-0: Fly out, F9 (Flyball, 9LS, EV 82.5 MPH)
|
|
Batting: RHB Andres Galarraga
|
0-0: Foul Ball, location: 2F 0-1: Ball 1-1: Hit by Pitch
|
|
Batting: RHB Juan Monasterio
|
0-0: Ball 1-0: Called Strike Andres Galarraga steals 2nd base 1-1: SINGLE (Groundball, 4MD, EV 105.0 MPH) Andres Galarraga to third Runner from 3rd tries for Home, throw by CF and OUT! 8-2
|
| Bottom of the 1st over - 0 runs, 1 hit, 0 errors, 1 left on base; Baltimore 0 - Toronto 0 |
| TOP OF THE 2ND |
|
Baltimore Orioles batting - Pitching for Toronto Blue Jays : RHP Ron Romanick
|
|
Batting: RHB Dwight Evans
|
0-0: Ball 1-0: Called Strike 1-1: Swinging Strike 1-2: Fly out, F4 (Popup, 34S, EV 84.4 MPH)
|
|
Batting: LHB Fred Lynn
|
0-0: Called Strike 0-1: Fly out, F8 (Line Drive, 8LM, EV 96.3 MPH)
|
|
Batting: SHB Steve R Ontiveros
|
0-0: Ball 1-0: Ball 2-0: Called Strike 2-1: Foul Ball, location: 2F 2-2: SINGLE (Line Drive, 4D, EV 95.6 MPH)
|
|
Batting: RHB Matt Rice
|
0-0: Ground out 6-3 (Groundball, 6S, EV 66.3 MPH)
|
| Top of the 2nd over - 0 runs, 1 hit, 0 errors, 1 left on base; Baltimore 0 - Toronto 0 |
| BOTTOM OF THE 2ND |
|
Toronto Blue Jays batting - Pitching for Baltimore Orioles : RHP Kyle Monroe
|
|
Batting: LHB Darryl Strawberry
|
0-0: Ball 1-0: Ball 2-0: Fly out, F7 (Flyball, 7, EV 85.6 MPH)
|
|
Batting: RHB Cal Ripken
|
0-0: Called Strike 0-1: Called Strike 0-2: Ball 1-2: Ball 2-2: Fly out, F8 (Line Drive, 8RD, EV 91.3 MPH)
|
|
Batting: LHB Paul O'Neill
|
0-0: Ball 1-0: Ball 2-0: Called Strike 2-1: Called Strike 2-2: SINGLE (Line Drive, 78M, EV 92.5 MPH)
|
|
Batting: RHB Fritzie Connally
|
0-0: Ball Paul O'Neill steals 2nd base 1-0: Foul Ball, location: 2F 1-1: Called Strike 1-2: Fly out, F9 (Line Drive, 9LM, EV 110.0 MPH)
|
| Bottom of the 2nd over - 0 runs, 1 hit, 0 errors, 1 left on base; Baltimore 0 - Toronto 0 |
| TOP OF THE 3RD |
|
Baltimore Orioles batting - Pitching for Toronto Blue Jays : RHP Ron Romanick
|
|
Batting: RHB Dennis Werth
|
0-0: Ball 1-0: Ball 2-0: Called Strike 2-1: Called Strike 2-2: Ball 3-2: Fly out, F5 (Line Drive, 5, EV 63.1 MPH)
|
|
Batting: RHB Garth Iorg
|
0-0: Ball 1-0: Ball 2-0: Ball 3-0: Called Strike 3-1: SINGLE (Groundball, 34D, EV 90.6 MPH) (infield hit)
|
|
Batting: SHB Willie McGee
|
0-0: Ball 1-0: SINGLE (Line Drive, 5D, EV 99.4 MPH) Garth Iorg to second
|
|
Batting: SHB Johnny Ray
|
0-0: Fielders Choice at 2nd, 1-4 (Groundball, 15, EV 66.9 MPH) Garth Iorg to third
|
|
Batting: LHB Dave Parker
|
0-0: Foul Ball, location: 2F 0-1: Foul Ball, location: 2F 0-2: Strikes out looking
|
| Top of the 3rd over - 0 runs, 2 hits, 0 errors, 2 left on base; Baltimore 0 - Toronto 0 |
| BOTTOM OF THE 3RD |
|
Toronto Blue Jays batting - Pitching for Baltimore Orioles : RHP Kyle Monroe
|
|
Batting: SHB Harold Reynolds
|
0-0: Swinging Strike 0-1: Ball 1-1: Ball 2-1: Foul Ball, location: 2F 2-2: Foul Ball, location: 2F 2-2: DOUBLE (Line Drive, 7LM, EV 99.4 MPH)
|
|
Batting: LHB Sheldon Mallory
|
0-0: SINGLE (Line Drive, 6MD, EV 105.6 MPH) Harold Reynolds to third Runner from 3rd tries for Home, SAFE, throw by CF to home
|
|
Batting: RHB Jose Gonzalez
|
0-0: Ball 1-0: Called Strike 1-1: Ball 2-1: Fly out, F8 (Flyball, 78XD, EV 103.8 MPH)
|
|
Batting: RHB Andres Galarraga
|
0-0: Foul Ball, location: 2F 0-1: Ball 1-1: Ball 2-1: Called Strike 2-2: Foul Ball, location: 2F 2-2: Grounds into double play, 4-6-3 (Groundball, 34, EV 105.6 MPH)
|
| Bottom of the 3rd over - 1 run, 2 hits, 0 errors, 0 left on base; Baltimore 0 - Toronto 1 |
| TOP OF THE 4TH |
|
Baltimore Orioles batting - Pitching for Toronto Blue Jays : RHP Ron Romanick
|
|
Batting: RHB Dwight Evans
|
0-0: Ball 1-0: Swinging Strike 1-1: Foul Ball, location: 2F 1-2: Ball 2-2: Foul Ball, location: 2F 2-2: Ball 3-2: Base on Balls
|
|
Batting: LHB Fred Lynn
|
0-0: Ball 1-0: Foul Ball, location: 2F 1-1: SINGLE (Line Drive, 6MD, EV 98.1 MPH) Dwight Evans to second Runner from 2nd tries for 3rd, SAFE, no throw by CF
|
|
Batting: SHB Steve R Ontiveros
|
0-0: Ball 1-0: Foul Ball, location: 2F 1-1: Ball 2-1: Ball 3-1: Swinging Strike 3-2: Fly out, F8 (Flyball, 8RD, EV 95.0 MPH) Runner from 3rd tags up, SCORES, throw by CF
|
|
Batting: RHB Matt Rice
|
0-0: Called Strike 0-1: Grounds into double play, 5-4-3 (Groundball, 56, EV 100.6 MPH)
|
| Top of the 4th over - 1 run, 1 hit, 0 errors, 0 left on base; Baltimore 1 - Toronto 1 |
| BOTTOM OF THE 4TH |
|
Toronto Blue Jays batting - Pitching for Baltimore Orioles : RHP Kyle Monroe
|
|
Batting: RHB Juan Monasterio
|
0-0: Called Strike 0-1: Fly out, F7 (Line Drive, 7, EV 102.5 MPH)
|
|
Batting: LHB Darryl Strawberry
|
0-0: Called Strike 0-1: Swinging Strike 0-2: Ball 1-2: Ball 2-2: Ball 3-2: Ground out 6-3 (Groundball, 56, EV 103.1 MPH)
|
|
Batting: RHB Cal Ripken
|
0-0: Ground out 4-3 (Groundball, 4, EV 80.0 MPH)
|
| Bottom of the 4th over - 0 runs, 0 hits, 0 errors, 0 left on base; Baltimore 1 - Toronto 1 |
| TOP OF THE 5TH |
|
Baltimore Orioles batting - Pitching for Toronto Blue Jays : RHP Ron Romanick
|
|
Pitching: RHP Nick Piazza
|
|
|
Batting: RHB Dennis Werth
|
0-0: Foul Ball, location: 2F 0-1: Foul Ball, location: 2F 0-2: Strikes out swinging
|
|
Batting: RHB Garth Iorg
|
0-0: Foul Ball, location: 2F 0-1: Swinging Strike 0-2: Ball 1-2: Fly out, F9 (Line Drive, 9, EV 88.1 MPH)
|
|
Batting: SHB Willie McGee
|
0-0: SINGLE (Groundball, 6MS, EV 71.3 MPH) (infield hit)
|
|
Batting: SHB Johnny Ray
|
0-0: Ball 1-0: Swinging Strike Willie McGee steals 2nd base 1-1: Swinging Strike 1-2: Ball 2-2: Ground out 4-3 (Groundball, 4M, EV 105.0 MPH)
|
| Top of the 5th over - 0 runs, 1 hit, 0 errors, 1 left on base; Baltimore 1 - Toronto 1 |
| BOTTOM OF THE 5TH |
|
Toronto Blue Jays batting - Pitching for Baltimore Orioles : RHP Kyle Monroe
|
|
Pitching: RHP George Durham
|
|
|
Batting: LHB Paul O'Neill
|
0-0: Ball 1-0: SINGLE (Groundball, 4MD, EV 107.5 MPH)
|
|
Batting: RHB Fritzie Connally
|
0-0: Called Strike 0-1: Ball 1-1: Grounds into double play, 6-4-3 (Groundball, 6, EV 108.8 MPH)
|
|
Batting: SHB Harold Reynolds
|
0-0: SINGLE (Groundball, 13S, EV 71.3 MPH) (infield hit)
|
|
Batting: LHB Sheldon Mallory
|
0-0: Ball Harold Reynolds is caught stealing 2nd base 2-6
|
| Bottom of the 5th over - 0 runs, 2 hits, 0 errors, 0 left on base; Baltimore 1 - Toronto 1 |
| TOP OF THE 6TH |
|
Baltimore Orioles batting - Pitching for Toronto Blue Jays : RHP Nick Piazza
|
|
Batting: LHB Dave Parker
|
0-0: Called Strike 0-1: Swinging Strike 0-2: Ball 1-2: Fly out, F9 (Line Drive, 9D, EV 88.1 MPH)
|
|
Batting: RHB Dwight Evans
|
0-0: Ball 1-0: Swinging Strike 1-1: Ball 2-1: Foul Ball, location: 2F 2-2: Foul Ball, location: 2F 2-2: Strikes out swinging passed ball, reaches first!
|
|
Batting: LHB Fred Lynn
|
0-0: Ball 1-0: Ball 2-0: Called Strike 2-1: Foul Ball, location: 2F 2-2: Strikes out looking
|
|
Batting: SHB Steve R Ontiveros
|
0-0: Ball 1-0: Called Strike 1-1: Ball 2-1: Foul Ball, location: 2F 2-2: Foul Ball, location: 2F 2-2: Ball 3-2: Foul Ball, location: 2F 3-2: Foul Ball, location: 2F 3-2: Base on Balls Dwight Evans to second
|
|
Batting: RHB Matt Rice
|
0-0: Called Strike 0-1: Ball 1-1: Foul Ball, location: 2F 1-2: Fly out, F6 (Flyball, 56D, EV 83.8 MPH)
|
| Top of the 6th over - 0 runs, 0 hits, 0 errors, 2 left on base; Baltimore 1 - Toronto 1 |
| BOTTOM OF THE 6TH |
|
Toronto Blue Jays batting - Pitching for Baltimore Orioles : RHP George Durham
|
|
Batting: LHB Sheldon Mallory
|
0-0: Ball 1-0: Ball 2-0: Called Strike 2-1: Ball 3-1: Called Strike 3-2: Strikes out looking
|
|
Batting: RHB Jose Gonzalez
|
0-0: SOLO HOME RUN (Flyball, 7D, EV 93.1 MPH), Distance : 380 ft
|
|
Batting: RHB Andres Galarraga
|
0-0: Called Strike 0-1: Swinging Strike 0-2: Strikes out swinging
|
|
Batting: RHB Juan Monasterio
|
0-0: Called Strike 0-1: Foul Ball, location: 2F 0-2: Ball 1-2: Foul Ball, location: 2F 1-2: Fly out, F8 (Flyball, 8LXD, EV 98.1 MPH)
|
| Bottom of the 6th over - 1 run, 1 hit, 0 errors, 0 left on base; Baltimore 1 - Toronto 2 |
| TOP OF THE 7TH |
|
Baltimore Orioles batting - Pitching for Toronto Blue Jays : RHP Nick Piazza
|
|
Batting: RHB Dennis Werth
|
0-0: Ball 1-0: Ball 2-0: Ball 3-0: Called Strike 3-1: Fly out, F2 (Popup, 3SF, EV 76.3 MPH)
|
|
Batting: RHB Garth Iorg
|
0-0: Ball 1-0: Ball 2-0: Fly out, F8 (Flyball, 8RS, EV 90.6 MPH)
|
|
Batting: SHB Willie McGee
|
0-0: SINGLE (Line Drive, 7S, EV 98.8 MPH)
|
|
Pinch Hitting: SHB Mike Henderson
|
0-0: Ball Willie McGee steals 2nd base 1-0: Foul Ball, location: 2F 1-1: Swinging Strike 1-2: Ball 2-2: Ball 3-2: Foul Ball, location: 2F 3-2: Strikes out swinging
|
| Top of the 7th over - 0 runs, 1 hit, 0 errors, 1 left on base; Baltimore 1 - Toronto 2 |
| BOTTOM OF THE 7TH |
|
Toronto Blue Jays batting - Pitching for Baltimore Orioles : RHP George Durham
|
|
Now at 3B: Mike Henderson
|
|
|
Batting: LHB Darryl Strawberry
|
0-0: Called Strike 0-1: SOLO HOME RUN (Flyball, 89XD, EV 111.3 MPH), Distance : 481 ft
|
|
Batting: RHB Cal Ripken
|
0-0: Ball 1-0: Ball 2-0: Ball 3-0: Called Strike 3-1: Swinging Strike 3-2: SINGLE (Groundball, 56D, EV 93.8 MPH)
|
|
Batting: LHB Paul O'Neill
|
0-0: Called Strike 0-1: Ball 1-1: Ball 2-1: Swinging Strike 2-2: Strikes out swinging
|
|
Batting: RHB Fritzie Connally
|
0-0: Fly out, F9 (Flyball, 89D, EV 89.4 MPH)
|
|
Batting: SHB Harold Reynolds
|
0-0: Ground out 4-3 (Groundball, 34, EV 108.1 MPH)
|
| Bottom of the 7th over - 1 run, 2 hits, 0 errors, 1 left on base; Baltimore 1 - Toronto 3 |
| TOP OF THE 8TH |
|
Baltimore Orioles batting - Pitching for Toronto Blue Jays : RHP Nick Piazza
|
|
Pinch Hitting: LHB Mario Delgado
|
0-0: Called Strike 0-1: Swinging Strike 0-2: Ball 1-2: Ball 2-2: Ground out 3-1 (Groundball, 34S, EV 81.9 MPH)
|
|
Batting: RHB Dwight Evans
|
0-0: Foul Ball, location: 2F 0-1: Ball 1-1: Ball 2-1: Ball 3-1: Ground out 6-3 (Groundball, 6MD, EV 101.9 MPH)
|
|
Pitching: LHP Charlie Hudson
|
|
|
Batting: RHB Gerry Davis
|
0-0: Hit by Pitch
|
|
Pinch Hitting: RHB Mark Brouhard
|
0-0: Swinging Strike 0-1: Called Strike 0-2: Strikes out looking
|
| Top of the 8th over - 0 runs, 0 hits, 0 errors, 1 left on base; Baltimore 1 - Toronto 3 |
| BOTTOM OF THE 8TH |
|
Toronto Blue Jays batting - Pitching for Baltimore Orioles : RHP George Durham
|
|
Now in LF: Mario Delgado
|
|
|
Now in CF: Mark Brouhard
|
|
|
Pinch Hitting: RHB Hubie Brooks
|
0-0: Swinging Strike 0-1: Ball 1-1: Ball 2-1: Fly out, F7 (Flyball, 78D, EV 84.4 MPH)
|
|
Pinch Hitting: LHB Ray Cosey
|
0-0: Ground out 6-3 (Groundball, 6, EV 88.8 MPH)
|
|
Batting: RHB Andres Galarraga
|
0-0: Foul Ball, location: 2F 0-1: Ball 1-1: Called Strike 1-2: SOLO HOME RUN (Flyball, 8RXD, EV 100.6 MPH), Distance : 445 ft
|
|
Pitching: RHP Robert Weismore
|
|
|
Pinch Hitting: RHB Jeremy Nelson
|
0-0: Ball 1-0: Called Strike 1-1: Ball 2-1: Swinging Strike 2-2: Ball 3-2: Fly out, F9 (Flyball, 9LD, EV 80.6 MPH)
|
| Bottom of the 8th over - 1 run, 1 hit, 0 errors, 0 left on base; Baltimore 1 - Toronto 4 |
| TOP OF THE 9TH |
|
Baltimore Orioles batting - Pitching for Toronto Blue Jays : LHP Charlie Hudson
|
|
Now at 3B: Dave Meier
|
|
|
Now in LF: Manny Leal
|
|
|
Now in CF: Ray Cosey
|
|
|
Pinch Hitting: LHB Garcia Gutierrez
|
0-0: Fly out, F9 (Flyball, 9S, EV 88.8 MPH)
|
|
Pinch Hitting: RHB Bill Foley
|
0-0: Ground out 6-3 (Groundball, 6S, EV 88.8 MPH)
|
|
Pinch Hitting: RHB Marty G Barrett
|
0-0: Swinging Strike 0-1: Ball 1-1: Ball 2-1: Ball 3-1: Foul Ball, location: 2F 3-2: Base on Balls
|
|
Batting: SHB Willie McGee
|
0-0: Called Strike 0-1: Called Strike 0-2: Foul Ball, location: 2F 0-2: Ball 1-2: Ball 2-2: Ball Wild Pitch! Marty G Barrett to second 3-2: Fly out, F9 (Flyball, 9, EV 80.0 MPH)
|
| Top of the 9th over - 0 runs, 0 hits, 0 errors, 1 left on base; Baltimore 1 - Toronto 4 |
|